 Dungeon Crawl Stone Soup version 0.24.0-125-gc4c63601f3 (webtiles) character file.

Game seed: 2229392303351805008, levelgen mode: deterministic

86 Defined the Covered (level 4, -11/32 HPs)
             Began as a Gnoll Wanderer on Feb 25, 2020.
             Killed by nerve-wracking pain
             ... invoked by an orc priest
              (14 damage)
             ... on level 3 of the Dungeon.
             The game lasted 00:05:32 (2441 turns).

Defined the Covered (Gnoll Wanderer)                Turns: 2441, Time: 00:05:33

Health: -11/32     AC:  6    Str: 18    XL:     4   Next: 50%
Magic:  6/6        EV: 11    Int: 12    God:
Gold:   64         SH:  0    Dex: 14    Spells: 5/5 levels left

rFire    . . .     SeeInvis .   a - +2 dagger
rCold    . . .     Gourm    +   (no shield)
rNeg     . . .     Faith    .   m - +0 ring mail
rPois    .         Spirit   .   (no helmet)
rElec    .         Reflect  .   (no cloak)
rCorr    .         Harm     .   (no gloves)
MR       .....                  (no boots)
Stlth    +++.......             g - amulet of the gourmand
HPRegen  0.10/turn              (no ring)
MPRegen  0.10/turn              (no ring)

@: no status effects
A: distributed training, fangs 1, strong nose
a: no special abilities


You were on level 3 of the Dungeon.
You were completely stuffed.

You visited 1 branch of the dungeon, and saw 3 of its levels.

You collected 64 gold pieces.

Inventory:

Hand Weapons
 a - a +2 dagger (weapon)
 c - a +0 mace
Armour
 m - a +0 ring mail (worn)
Jewellery
 g - an amulet of the gourmand (around neck)
 n - a +4 ring of dexterity {unknown}
Scrolls
 b - a scroll of blinking
 e - 3 scrolls of identify {unknown}
 h - 2 scrolls of amnesia {unknown}
 i - a scroll of magic mapping {unknown}
 j - a scroll of random uselessness {unknown}
 l - 2 scrolls of remove curse {unknown}
 p - 2 scrolls of enchant armour {unknown}
 r - a scroll of teleportation {unknown}
Potions
 d - a potion of curing
 k - 2 potions of lignification {unknown}
 o - a potion of degeneration {unknown}
 s - a potion of magic {unknown}
 t - a potion of might {unknown}
Comestibles
 f - 8 rations
 q - 9 chunks of flesh


   Skills:
 + Level 1.1 Fighting
 + Level 1.1 Short Blades
 + Level 1.1 Long Blades
 + Level 4.6 Axes
 + Level 1.1 Maces & Flails
 + Level 1.1 Polearms
 + Level 1.1 Staves
 + Level 1.1 Slings
 + Level 1.1 Bows
 + Level 1.1 Crossbows
 + Level 2.7 Throwing
 + Level 6.6 Armour
 + Level 1.1 Dodging
 + Level 6.0 Stealth
 + Level 1.1 Shields
 + Level 1.1 Unarmed Combat
 + Level 1.1 Spellcasting
 + Level 0.9 Conjurations
 + Level 0.9 Hexes
 + Level 0.9 Charms
 + Level 0.9 Summonings
 + Level 0.9 Necromancy
 + Level 0.9 Translocations
 + Level 0.9 Transmutations
 + Level 0.9 Fire Magic
 + Level 0.9 Ice Magic
 + Level 0.9 Air Magic
 + Level 0.9 Earth Magic
 + Level 0.9 Poison Magic
 + Level 1.2 Invocations
 + Level 2.7 Evocations


You had 5 spell levels left.
You didn't know any spells.
Your spell library was empty.

Dungeon Overview and Level Annotations

Branches:
Dungeon (3/15)

Altars:


Innate Abilities, Weirdness & Mutations

Your experience applies equally to all skills.
You have very sharp teeth.
Your uncanny sense of smell can sniff out nearby items.


Message History

You kill the orc!
You hit the orc priest.
The orc priest is moderately wounded.
The orc priest calls down the wrath of Beogh upon you.
Beogh smites you!
* * * LOW HITPOINT WARNING * * *
You hear a shout!
You hit the orc priest. Your bite misses the orc priest.
The orc priest is severely wounded.
You hear a shout!
The orc priest closely misses you.
You hit the orc priest but do no damage.
The orc priest is severely wounded.
The orc priest hits you with a +0 short sword.
* * * LOW HITPOINT WARNING * * *
You closely miss the orc priest. You bite the orc priest.
The orc priest is severely wounded.
The orc priest calls down the wrath of Beogh upon you.
Pain shoots through your body!
You die...

#.####§≈§§..§§§§§≈≈##
#....##≈§§§≈§§.§§≈##
####.###≈§≈§§.§§§##
#.# ##≈≈.§.≈≈## #.#
###'''### #.# #...# #
#.# #.### .# #.#
#.#####..## #.#
#@##......## #>#
#o##.#.....# #.#
#o.........? #.#
####o#...... #.#
#.o..#... #.##
..##... # #..# ..#
S## ##.# ...# # #.#
#..# ∆


You could see an orc priest and an orc.

Vanquished Creatures
  An adder (D:2)
  5 dart slugs (D:1)
  2 orcs (D:3)
  10 bats
  2 giant cockroaches (D:1)
  7 goblins
  9 hobgoblins
  2 jackals (D:3)
  A quokka (D:2)
  2 ball pythons (D:1)
  2 frilled lizards (D:1)
  9 kobolds
  9 rats
61 creatures vanquished.

Notes
Turn   | Place    | Note
-------+----------+-------------------------------------------
     0 | D:1      | Defined the Gnoll Wanderer began the quest for the Orb.
     0 | D:1      | Defined set off with the following items: a +2 dagger, a
                  | scroll of blinking, a +0 mace, a potion of curing, a +0
                  | robe, a ration
     0 | D:1      | Reached XP level 1. HP: 13/13 MP: 2/2
    75 | D:1      | Reached XP level 2. HP: 11/19 MP: 3/3
   907 | D:1      | Reached XP level 3. HP: 25/25 MP: 4/4
  1398 | D:1      | Reached skill level 1 in Invocations
  1463 | D:2      | Reached skill level 1 in Fighting
  1463 | D:2      | Reached skill level 1 in Short Blades
  1463 | D:2      | Reached skill level 1 in Long Blades
  1463 | D:2      | Reached skill level 1 in Maces & Flails
  1463 | D:2      | Reached skill level 1 in Polearms
  1463 | D:2      | Reached skill level 1 in Staves
  1463 | D:2      | Reached skill level 1 in Slings
  1463 | D:2      | Reached skill level 1 in Bows
  1463 | D:2      | Reached skill level 1 in Crossbows
  1463 | D:2      | Reached skill level 1 in Dodging
  1463 | D:2      | Reached skill level 1 in Shields
  1463 | D:2      | Reached skill level 1 in Unarmed Combat
  1463 | D:2      | Reached skill level 1 in Spellcasting
  1781 | D:2      | Reached XP level 4. HP: 30/32 MP: 6/6
  2441 | D:3      | Killed from afar by an orc priest

Levels and vault maps discovered:
D:1:      saegor_arrival_simple_c, layout_basic
D:2:      layout_loops_cross
D:3:      layout_loops_ring, kennysheep_cluttered_room, uniq_crazy_yiuf_cottage

Skill      XL: |  1  2  3 |
---------------+----------+-----
Stealth        | 6 |  6.0
Invocations    | 1 |  1.2
Fighting       | 1 |  1.1
Short Blades   | 1 |  1.1
Long Blades    | 1 |  1.1
Maces & Flails | 1 |  1.1
Polearms       | 1 |  1.1
Staves         | 1 |  1.1
Slings         | 1 |  1.1
Bows           | 1 |  1.1
Crossbows      | 1 |  1.1
Dodging        | 1 |  1.1
Shields        | 1 |  1.1
Unarmed Combat | 1 |  1.1
Spellcasting   | 1 |  1.1
Axes           | |  4.6
Throwing       | |  2.7
Armour         | |  6.6
Conjurations   | |  0.9
Hexes          | |  0.9
Charms         | |  0.9
Summonings     | |  0.9
Necromancy     | |  0.9
Translocations | |  0.9
Transmutations | |  0.9
Fire Magic     | |  0.9
Ice Magic      | |  0.9
Air Magic      | |  0.9
Earth Magic    | |  0.9
Poison Magic   | |  0.9
Evocations     | |  2.7

Action                   |  1- 3 |  4- 6 || total
-------------------------+-------+-------++-------
Melee: Dagger            |    99 |    84 ||   183
       Bite              |     7 |     8 ||    15
  Use: Potion            |     1 |       ||     1
 Stab: Sleeping          |    12 |     3 ||    15
  Eat: Chunk             |    10 |     7 ||    17
Armor: Robe              |    11 |       ||    11
       Ring mail         |    17 |    34 ||    51
Dodge: Dodged            |    60 |    40 ||   100
